 Dungeon Crawl Stone Soup version 0.32-a0-35-gd9ff480968 (webtiles) character file.

Game seed: 4173711864455578797

520548 Morbidden the Severer (level 25, -6/220 (258) HPs)
             Began as an Oni Air Elementalist on Jan 20, 2024.
             Was the Champion of Cheibriados.
             Killed from afar by a tengu reaver (49 damage)
             ... with a bolt of negative energy
             ... on level 5 of the Vaults on Jan 23, 2024.
             The game lasted 02:09:18 (80895 turns).

Morbidden the Severer (Oni Air Elementalist)       Turns: 80895, Time: 02:09:18

HP:   -6/220 (258)  AC: 28    Str: 34    XL:     25   Next: 51%
MP:   40/45         EV: 20    Int: 44    God:    Cheibriados [******]
Gold: 4576          SH: 15    Dex: 24    Spells: 29/60 levels left

rFire   + + .        a - +9 broad axe (vamp)
rCold   + + +        Q - +2 kite shield {rC+}
rNeg    . . .        K - +6 gold dragon scales
rPois   +            w - +1 hat
rElec   .            o - +1 cloak of Starlight {*Dazzle EV+4 Stlth--}
rCorr   .            (gloves unavailable)
SInv    .            (boots unavailable)
Will    ++...        I - amulet "Ufuir" {RegenMP Slay+5} Stlth
                     q - +5 ring of evasion
HPRegen 0.56/turn    u - ring of Negug {rF+ rC+ Int+5}
MPRegen 0.69/turn

%: no passive effects
@: studying 4 skills, heavily drained, very slow
A: large, unfitting armour, horns 1, tough skin 1, double potion healing,
drunken brawling
}: 2/15 runes: decaying, serpentine
a: Renounce Religion, Bend Time, Temporal Distortion, Slouch, Step From Time


You were on level 5 of the Vaults.
You worshipped Cheibriados.
Cheibriados was exalted by your worship.
You visited 10 branches of the dungeon, and saw 46 of its levels.
You also visited: Ossuary, Bailey, Gauntlet, Ice Cave and Wizlab.

You collected 8677 gold pieces.
You spent 4101 gold pieces at shops.

Inventory:

Hand Weapons
 a - a +9 vampiric broad axe (weapon)
 b - the +3 Elemental Staff {ele, rElec rF+ rC+ AC+3}
   (You acquired it on level 12 of the Dungeon)

   AC+3:      It affects your AC (+3).
   rF+:       It protects you from fire.
   rC+:       It protects you from cold.
   rElec:     It insulates you from electricity.
 j - the +11 flail of Defence {holy, ^Fragile Will++ Str+7}
   (You found it on level 5 of the Lair of Beasts)

   Str+7:     It affects your strength (+7).
   Will++:    It greatly increases your willpower.
   ^Fragile:  It will be destroyed if unequipped.
 H - a +3 eveningstar of flaming
Missiles
 v - 66 large rocks (quivered)
 D - 5 throwing nets
 E - 60 boomerangs
 T - 24 javelins
Armour
 f - a +1 tower shield of protection
 n - a scarf of resistance
 o - the +1 cloak of Starlight (worn) {*Dazzle EV+4 Stlth--}
   (You acquired it on level 4 of the Vaults)

   *Dazzle:   It may blind those who miss an attack against the wearer in melee
   combat.
   EV+4:      It affects your evasion (+4).
   Stlth--:   It makes you much less stealthy.
 w - a +1 hat (worn)
 K - +6 gold dragon scales (worn)
 Q - a +2 kite shield of cold resistance (worn)
Jewellery
 q - a +5 ring of evasion (left hand)
 s - an amulet of reflection
 t - a ring of resist corrosion
 u - the ring of Negug (right hand) {rF+ rC+ Int+5}
   (You found it in an ice cave)

   [ring of protection from cold]

   Int+5:     It affects your intelligence (+5).
   rF+:       It protects you from fire.
   rC+:       It protects you from cold.
 I - the amulet "Ufuir" (around neck) {RegenMP Slay+5}
   (You acquired it on level 4 of the Vaults)

   [amulet of magic regeneration]

   RegenMP:   It increases your rate of magic regeneration.
   Slay+5:    It affects your accuracy & damage with ranged weapons and melee
   (+5).
 U - the ring "Wouthet" {rF+ SInv}
   (You found it in a Gauntlet)

   [ring of protection from fire]

   rF+:       It protects you from fire.
   SInv:      It lets you see invisible.
Talismans
 L - a granite talisman
Wands
 A - a wand of flame (89)
 C - a wand of mindburst (62)
 N - a wand of roots (25)
 O - a wand of quicksilver (23)
 Y - a wand of digging (14)
 Z - a wand of paralysis (52)
Scrolls
 c - 6 scrolls of revelation
 d - 6 scrolls of blinking
 g - 28 scrolls of teleportation
 l - 3 scrolls of silence
 y - a scroll of acquirement
 F - 5 scrolls of immolation
 G - a scroll of summoning
 J - 8 scrolls of fear
 P - 10 scrolls of poison
Potions
 e - 5 potions of invisibility
 i - 3 potions of ambrosia
 k - 5 potions of magic
 m - 10 potions of mutation
 p - 9 potions of enlightenment
 r - 5 potions of resistance
 x - 3 potions of berserk rage
 z - 6 potions of might
 B - a potion of cancellation
 M - 10 potions of heal wounds
 W - 13 potions of curing
Miscellaneous
 h - a sack of spiders
 R - a phantom mirror
 S - a lightning rod (4/4)
 V - a phial of floods
 X - a condenser vane


   Skills:
 * Level 16.4 Fighting
 * Level 18.1(18.2) Axes
 + Level 1.6(12.0) Maces & Flails
 + Level 1.0(11.9) Polearms
 + Level 0.4(1.4) Staves
 * Level 11.8 Armour
 * Level 12.2 Dodging
 + Level 3.4 Stealth
 + Level 10.3 Shields
 * Level 18.1 Spellcasting
 * Level 11.6 Conjurations
 + Level 5.0 Hexes
 * Level 11.2 Summonings
 * Level 9.4 Fire Magic
 + Level 1.1 Ice Magic
 * Level 14.8 Air Magic
 - Level 13.0 Invocations
 * Level 10.7 Evocations
 * Level 6.8 Shapeshifting


You had 29 spell levels left.
You knew the following spells:

 Your Spells              Type           Power      Damage    Failure   Level
a - Airstrike             Air            53%        2d(8-24)  1%          4
b - Fireball              Conj/Fire      46%        3d18      4%          5
c - Summon Ice Beast      Ice/Summ       76%        N/A       3%          3
d - Summon Mana Viper     Hex/Summ       84%        N/A       13%         5
f - Plasma Beam           Fire/Air       49%        2x1d63    14%         6
s - Call Canine Familiar  Summ           96%        N/A       1%          3
z - Arcjolt               Conj/Air       51%        1d61      1%          5

Your spell library contained the following spells:

 Spells                   Type           Power      Damage    Failure   Level
 Foxfire                  Conj/Fire      100%       2x1d9     1%          1
 Kiss of Death            Conj/Necr      100%       2d13      1%          1
 Magic Dart               Conj           100%       1d8       1%          1
 Shock                    Conj/Air       100%       1d9       1%          1
 Slow                     Hex            100%       N/A       1%          1
 Sting                    Conj/Alch      100%       1d9       1%          1
 Summon Small Mammal      Summ           100%       N/A       1%          1
 Call Imp                 Summ           100%       N/A       1%          2
 Mercury Vapours          Alch/Air       100%       N/A       1%          2
 Searing Ray              Conj           100%       2d8       1%          2
 Static Discharge         Conj/Air       100%       3-8/arc   1%          2
 Inner Flame              Hex/Fire       80%        N/A       1%          3
 Mephitic Cloud           Conj/Alch/Air  87%        N/A       1%          3
 Swiftness                Air            100%       N/A       1%          3
 Summon Blazeheart Golem  Fire/Summ      92%        N/A       1%          4
 Summon Lightning Spire   Summ/Air       100%       N/A       1%          4
 Cigotuvi's Dreadful Rot  Necr/Alch/Air  100%       N/A       2%          2
 Hailstorm                Conj/Ice       77%        3d13      2%          3
 Iskenderun's Battlesphe  Conj           97%        2d14      3%          5
 Confusing Touch          Hex            71%        N/A       4%          3
 Sigil of Binding         Hex            71%        N/A       4%          3
 Tukima's Dance           Hex            71%        N/A       4%          3
 Vhi's Electric Charge    Tloc/Air       100%       N/A       6%          4
 Silence                  Hex/Air        45%        N/A       6%          5
 Freezing Cloud           Conj/Ice/Air   44%        6-21      9%          5
 Conjure Ball Lightning   Conj/Air       51%        3x3d18    9%          6
 Brom's Barrelling Bould  Conj/Erth      75%        2d9       12%         4
 Fulminant Prism          Conj/Alch      37%        3d17      12%         4
 Necrotise                Necr           100%       1d9       13%         1
 Martyr's Knell           Necr/Summ      74%        N/A       13%         4
 Cause Fear               Hex            35%        N/A       17%         4
 Ignite Poison            Fire/Alch      69%        N/A       19%         4
 Sticky Flame             Fire/Alch      69%        2d11      19%         4
 Lesser Beckoning         Tloc           78%        N/A       21%         2
 Sublimation of Blood     Necr           39%        N/A       21%         2
 Frozen Ramparts          Ice            98%        1d15      26%         3
 Irradiate                Conj/Alch      37%        3d24      32%         5
 Summon Forest            Summ/Tloc      37%        N/A       34%         5
 Gell's Gravitas          Tloc           39%        N/A       36%         3
 Teleport Other           Tloc           39%        N/A       36%         3
 Vampiric Draining        Necr           39%        2d8       36%         3
 Anguish                  Hex/Necr       29%        N/A       43%         4
 Dimensional Bullseye     Hex/Tloc       29%        N/A       43%         4
 Orb of Destruction       Conj           48%        9d13      67%         7
 Metabolic Englaciation   Hex/Ice        30%        N/A       71%         5
 Monstrous Menagerie      Summ           48%        N/A       71%         7
 Summon Hydra             Summ           48%        N/A       71%         7
 Animate Dead             Necr           39%        N/A       78%         4
 Dispel Undead            Necr           39%        3d16      78%         4
 Leda's Liquefaction      Alch/Erth      19%        N/A       78%         4
 Manifold Assault         Tloc           39%        N/A       78%         4
 Olgreb's Toxic Radiance  Alch           39%        N/A       78%         4
 Passage of Golubria      Tloc           39%        N/A       78%         4
 Petrify                  Alch/Erth      39%        N/A       78%         4
 Yara's Violent Unravell  Hex/Alch       29%        3d12      78%         5
 Borgnjor's Vile Clutch   Necr/Erth      19%        N/A       98%         5
 Curse of Agony           Necr           39%        N/A       98%         5
 Dispersal                Tloc           19%        N/A       100%        6
 Eringya's Noxious Bog    Alch           19%        4d6       100%        6
 Sculpt Simulacrum        Ice/Alch       22%        N/A       100%        6
 Haunt                    Necr/Summ      37%        N/A       100%        7
 Malign Gateway           Summ/Tloc      37%        N/A       100%        7
 Ozocubu's Refrigeration  Ice            24%        4d12      100%        7
 Discord                  Hex            35%        N/A       100%        8
 Disjunction              Tloc           19%        N/A       100%        8
 Ignition                 Fire           44%        3d13      100%        8
 Infestation              Necr           19%        N/A       100%        8
 Lehudib's Crystal Spear  Conj/Erth      37%        10d9      100%        8
 Summon Horrible Things   Summ           48%        N/A       100%        8
 Death's Door             Necr           19%        N/A       100%        9
 Dragon's Call            Summ           48%        N/A       100%        9
 Fire Storm               Conj/Fire      46%        8d12      100%        9


Dungeon Overview and Level Annotations

Branches:
Dungeon (15/15)            Temple (1/1) D:4            Lair (5/5) D:9
  Swamp (4/4) Lair:3        Snake (4/4) Lair:3        Slime (0/5) Lair:4
    Orc (2/2) D:11            Elf (3/3) Orc:2        Vaults (5/5) D:14
  Crypt (3/3) Vaults:2       Tomb (0/3) Crypt:3      Depths (4/4) D:15
    Zot (0/5) Depths:4    Ossuary (visited)          Bailey (visited)
  IceCv (visited)          WizLab (visited)         Gauntlet (visited)

Altars:
Ashenzari
Cheibriados
Dithmenos
Elyvilon
Fedhas
Gozag
Hepliaklqana
Kikubaaqudgha
Makhleb
Nemelex Xobeh
Okawaru
Qazlal
Ru
Sif Muna
Trog
Uskayaw
Vehumet
Wu Jian
Xom
Yredelemnul
Zin
The Shining One

Shops:
D:1 (   D:15 !   Orc:2 ?![::   Elf:1 ?:(*   Elf:3 *(   Depths:2 [
Depths:3 ?:=

Portals:
Hell: Depths:1 Depths:2 Depths:3 Depths:4
Abyss: Depths:1 Depths:3
Pandemonium: Depths:1 Depths:2 Depths:3
Ziggurat: Depths:1
Trove: D:13 (give 2 scrolls of acquirement)

Annotations:
D:2 1 runed translucent door, Crazy Yiuf
Swamp:1 1 runed translucent door, GenialerGandalf's ghost, journeyman HOFi
Elf:1 4 runed translucent doors, lis82's ghost, adept DgIE


Innate Abilities, Weirdness & Mutations

You are too large for most types of armour.
You have a pair of small horns on your head.
You have tough skin. (AC +1)
You gain doubled healing and magic from potions.
Whenever you drink a healing potion, you attack all around you.


Message History

A vault guard comes into view. It is wielding a +0 dire flail.
A deep elf annihilator comes into view. It is wielding a +0 long sword.
Unknown command.
Unknown command.
Unknown command.
The tengu reaver blocks your attack. x2
You hit the deep troll but do no damage.
Your attack snaps the deep troll out of its fear.
Unknown command.
Unknown command.
Unknown command.
Unknown command.
Unknown command.
Unknown command.
You hit the tengu reaver.
You feel better.
Your headbutt misses the tengu reaver.
The tengu reaver is lightly wounded.
You catch the helpless deep troll completely off-guard!
You slice the deep troll!!
You are no longer corroded.
The yaktaur wields a +0 arbalest.
The yaktaur shoots a bolt.
You block the bolt.
The tengu reaver hits you but does no damage.
The tengu reaver misses you. You block the tengu reaver's attack.
Unknown command.
Unknown command.
Unknown command.
Unknown command.
You slash the stone giant!
You feel better.
You headbutt the stone giant.
The stone giant is severely wounded.
You slash the tentacled monstrosity! You hit the tengu reaver.
You feel better. The stone giant misses you.
You block the tentacled monstrosity's attack.
The tentacled monstrosity completely misses you.
The tentacled monstrosity tentacle-slaps you.
* * * LOW HITPOINT WARNING * * *
The tentacled monstrosity completely misses you.
The tengu reaver points at you and mumbles some strange words.
The bolt of negative energy hits you!!!
You feel drained.
You die...

## #### ..##
#.... ..##.p..
.....p# #†c..#
+)C..## .
##@)...##.
....###XQ)...T..
........TC.)....
..........T#'#..
#...$m...T## # .
#.....e...#
#.........#
...........
............


You could see a tentacled monstrosity (sheltered), a titan, a stone giant
(sheltered, blind, unable to see you), a vault warden (sheltered, fleeing), a
tengu reaver (repels missiles, sheltered), a vault guard (sheltered), a deep elf
annihilator, a merfolk shaped shifter (sheltered, fleeing), 4 deep trolls and a
yaktaur (sheltered).

Vanquished Creatures
  A juggernaut (Depths:4)
  Josephina (Crypt:2)
  Sojobo (Crypt:1)
  the Lernaean hydra (Swamp:4)
  Vashnia (Snake:2)
  A curse toe (Crypt:3)
  A caustic shrike (Depths:2)
  Jory (Depths:3)
  A golden dragon (Depths:3)
  3 bone dragons
  3 tentacled monstrosities
  A Cloud Mage (WizLab)
  Zenata (Vaults:1)
  3 liches
  A walking crystal tome (Depths:2)
  3 deep elf blademasters
  2 shard shrike skeletons (Crypt:3)
  A walking frostbound tome (Depths:2)
  2 deep elf master archers (Elf:3)
  11 sphinxes
  A shadow dragon (Depths:4)
  7 ancient champions
  Gastronok (Lair:2)
  2 storm dragons
  7 tengu reavers
  A revenant (Crypt:1)
  A fenstrider witch (Swamp:4)
  6 frost giants
  5 nagarajas
  The ghost of fbkbkkjr the Tortoise, a journeyman MiFi of Okawaru (D:15)
  A draconian monk (Depths:4)
  5 deep elf sorcerers
  10 fire giants
  4 vault wardens
  A balrug (Depths:4)
  A reaper (Depths:4)
  An iron dragon (Depths:2)
  A deep elf elementalist (Elf:3)
  A caustic shrike zombie (Crypt:2)
  2 ghost moths (Depths:3)
  A spriggan defender (Depths:2)
  7 orc warlords
  7 ghouls
  11 ironbound preservers
  15 stone giants
  19 very ugly things
  A draconian annihilator (Depths:4)
  6 caustic shrike skeletons
  3 formless jellyfish
  3 eleionomae
  A purple draconian (Depths:4)
  2 green draconians (Depths:4)
  5 deep elf demonologists
  10 vampire knights
  6 deep elf death magi
  2 war gargoyles
  8 ironbound thunderhulks
  7 dire elephants
  5 spark wasps
  3 bunyips
  9 deep elf annihilators
  2 red draconians (Depths:4)
  A green death (Depths:3)
  17 eidola
  12 ettins
  A crystal guardian (Vaults:2)
  5 fire dragons
  4 entropy weavers
  2 blizzard demons (WizLab)
  24 hydras
  13 yaktaur captains
  3 deep elf high priests
  10 jiangshi
  A spriggan zombie (Crypt:3)
  8 rakshasas
  A hell beast (Depths:4)
  6 ghost crabs
  7 great orbs of eyes
  Harold (D:11)
  9 ironbound frosthearts
  3 ogre magi
  8 spriggan air magi
  30 vault guards
  Erica (D:8)
  8 anacondas
  2 spriggan skeletons (Crypt:3)
  A caustic shrike simulacrum (Crypt:1)
  4 salamander tyrants (Snake:4)
  2 peacekeepers
  11 ice dragons
  5 centaur warriors
  3 two-headed ogres
  A death knight (Crypt:1)
  15 alligators
  A merfolk avatar (Lair:5)
  An Orb Guardian skeleton (Crypt:3)
  6 vampire magi
  24 dancing weapons
  7 deep troll earth magi
  6 deep troll shamans
  22 naga warriors
  5 boulder beetles
  5 tengu warriors
  3 occultists
  A titan zombie (Crypt:1)
  10 deep elf knights
  19 naga sharpshooters
  8 shock serpents
  4 spriggan berserkers
  13 spriggans
  4 soul eaters
  A hell knight (Depths:2)
  27 skeletal warriors
  2 storm dragon zombies
  A skyshark (Lair:2)
  5 titan skeletons
  A golden dragon zombie (Depths:2)
  7 salamander mystics
  14 shadow wraiths
  40 deep trolls
  7 goliath frogs
  A storm dragon skeleton (Crypt:3)
  5 death drakes
  A quicksilver dragon simulacrum (Depths:4)
  6 bog bodies
  A sea snake (Lair:5)
  An orange crystal statue (IceCv)
  2 iron giant skeletons (Crypt:3)
  3 arcanists
  9 mana vipers
  3 spriggan druids
  2 glowing orange brains (Depths:4)
  A spectral hydra (Lair:3)
  A bunyip skeleton (Crypt:3)
  9 flayed ghosts
  12 lindwurms
  6 naga ritualists
  7 ironbound convokers
  10 phantasmal warriors
  A spriggan simulacrum (Crypt:2)
  9 deep elf archers
  21 orc knights
  15 swamp dragons
  11 necromancers
  An alligator zombie (Crypt:1)
  27 deep elf pyromancers
  17 deep elf zephyrmancers
  A lindwurm (shapeshifter) (Depths:4)
  2 frost giant zombies
  9 orc sorcerers
  3 harpies
  5 manticores
  2 shadow dragon skeletons
  2 will-o-the-wisps
  30 ugly things
  A wolf spider (Lair:5)
  A spectral centaur (Gauntlet)
  11 salamanders
  Maurice (D:12)
  A stone giant zombie (Crypt:1)
  3 cyclopes
  A goliath frog skeleton (Crypt:3)
  A stone giant skeleton (Vaults:2)
  8 elephants
  2 tengu skeletons
  A dire elephant zombie (Crypt:1)
  3 kobold blastminers (Orc:1)
  Joseph (D:7)
  35 black mambas
  A smoke demon (Depths:3)
  2 titan simulacra
  15 vault sentinels
  28 naga magi
  2 fire giant skeletons
  4 apocalypse crabs (WizLab)
  3 dire elephant skeletons
  Maggie (D:6)
  A guardian serpent (Snake:3)
  A water nymph (shapeshifter) (Depths:3)
  3 gargoyles
  An unseen horror (D:7)
  A minotaur zombie (Crypt:3)
  A death yak zombie (Crypt:1)
  A storm dragon simulacrum (Depths:3)
  5 cane toads
  4 rime drakes
  A kobold demonologist (D:10)
  An alligator snapping turtle skeleton (Crypt:2)
  An ice devil (Gauntlet)
  A torpor snail (Lair:5)
  34 yaktaurs
  4 freezing wraiths
  8 komodo dragons
  5 tengu conjurers
  9 trolls
  A yellow draconian skeleton (Crypt:2)
  A golden dragon simulacrum (IceCv)
  4 guardian mummies (Crypt:3)
  2 yaktaur skeletons (Vaults:2)
  3 elf skeletons
  An anaconda simulacrum (Crypt:2)
  An unseen horror skeleton (Crypt:2)
  3 wind drakes
  2 bloated husks
  4 polar bears
  A tarantella (Vaults:1)
  An alligator simulacrum (IceCv)
  2 hydra skeletons
  Grinder (D:3)
  A nameless horror (Swamp:1)
  14 hornets
  A spectral dream sheep (Lair:3)
  12 blink frogs
  11 tyrant leeches
  3 harpy skeletons
  A glass eye (shapeshifter) (Elf:1)
  6 glass eyes
  A spectral meliai (Gauntlet)
  A meliai zombie (Crypt:1)
  A fire giant simulacrum (Vaults:4)
  3 human simulacra
  A jumping spider (Vaults:1)
  Sigmund (D:3)
  2 culicivoras
  18 slime creatures
  10 air elementals
  5 wyverns
  A centaur simulacrum (Crypt:2)
  A spectral black mamba (Lair:3)
  A ynoxinul (Gauntlet)
  4 shadows
  2 wraiths (Crypt:1)
  5 vampires
  2 wind drake zombies
  3 dire elephant simulacra (IceCv)
  An ettin skeleton (Crypt:3)
  5 water elementals
  A black mamba skeleton (Crypt:2)
  2 naga simulacra
  66 yaks
  A human (shapeshifter) (Elf:3)
  3 basilisks
  3 fire bats (D:8)
  2 steam dragons
  3 fire elementals
  16 vampire mosquitoes
  A steam dragon (shapeshifter) (Elf:1)
  A warg (Orc:2)
  13 swamp worms
  2 redbacks
  2 harpy simulacra (IceCv)
  53 nagas
  7 acid dragons
  A merfolk zombie (Crypt:1)
  2 hell hounds (D:8)
  A naga zombie (Crypt:1)
  11 water moccasins
  A hydra simulacrum (IceCv)
  A deep troll skeleton (Crypt:2)
  8 swamp drakes
  4 black bears
  2 glowing shapeshifter skeletons
  A naga skeleton (Crypt:3)
  An ettin simulacrum (Crypt:3)
  24 orc warriors
  2 ice beasts
  18 laughing skulls
  A sky beast (D:7)
  7 ogres
  28 wolves
  A boggart (D:14)
  A phantom (D:6)
  9 centaurs
  A weeping skull (Ossuary)
  3 human zombies (Vaults:4)
  Blork the orc (D:5)
  A necrophage (Crypt:1)
  6 kobold brigands
  2 elf zombies (Ossuary)
  A glowing shapeshifter simulacrum (Vaults:4)
  11 bullfrogs
  3 scorpions
  2 water moccasin zombies (D:6)
  2 earth elementals
  2 gnoll sergeants
  19 wights (Crypt:3)
  A queen bee zombie (Crypt:1)
  2 killer bees
  5 howler monkeys
  A basilisk zombie (Crypt:3)
  A spectral scorpion (Ossuary)
  4 centaur zombies
  4 jellies
  A bombardier beetle (D:4)
  3 hounds
  6 iguanas
  21 orc priests
  4 gnoll boudas
  4 iron imps (Gauntlet)
  4 sleepcaps
  37 orc wizards
  A crocodile zombie (Ossuary)
  A hound zombie (Ossuary)
  An ogre skeleton (Crypt:3)
  A hound skeleton (Crypt:2)
  3 mummies (Ossuary)
  26 gnolls
  20 adders
  A shadow imp (D:6)
  6 white imps
  4 ufetubi (D:6)
  4 adder zombies (Ossuary)
  3 dart slugs
  3 ribbon worms
  88 orcs
  5 ball pythons
  10 endoplasms
  2 giant cockroaches
  7 goblins
  15 hobgoblins
  4 jackals (D:4)
  6 quokkas
  3 ball python zombies (Ossuary)
  5 bats
  4 frilled lizards
  A giant cockroach zombie (Crypt:1)
  3 gnoll zombies (Ossuary)
  A goblin skeleton (Crypt:2)
  A hobgoblin zombie (Crypt:2)
  6 jackal zombies (Ossuary)
  26 kobolds
  5 kobold zombies (Ossuary)
  An orc zombie (Ossuary)
  6 rats
  A rat skeleton (Crypt:1)
2009 creatures vanquished.

Vanquished Creatures (collateral kills)
  An ancient lich (Crypt:3)
  Nikola (Elf:1)
  Asterion (Vaults:1)
  A lich (Crypt:3)
  An ancient champion (Crypt:3)
  A vampire knight (Depths:3)
  A minotaur (Gauntlet)
  A bunyip (Swamp:2)
  3 hydras
  An ogre mage (Orc:2)
  2 naga sharpshooters
  Nergalle (Orc:2)
  A death drake (WizLab)
  A goliath frog (Swamp:4)
  A mana viper (Snake:1)
  An orc sorcerer (Orc:2)
  A manticore (D:12)
  A vault sentinel (Vaults:4)
  An elephant (Lair:3)
  A slime creature (Vaults:1)
  A red draconian zombie (Crypt:3)
  2 cane toads
  A troll (Orc:2)
  A hornet (Swamp:2)
  5 blink frogs (Lair:4)
  A spriggan (Swamp:2)
  6 yaks
  A basilisk (Lair:1)
  A harpy simulacrum (Crypt:2)
  A water moccasin (Lair:3)
  3 orc warriors (Orc:2)
  An ogre (Orc:2)
  4 wolves
  A bullfrog (Lair:4)
  5 wights
  An orc priest (Orc:2)
  A gnoll bouda (D:7)
  3 orc wizards
  6 orcs
  An endoplasm (Lair:4)
  A kobold (D:11)
70 creatures vanquished.

Vanquished Creatures (others)
  A lich (Depths:2)
  A frost giant (Depths:2)
  An eleionoma (Swamp:1)
  A blizzard demon (WizLab)
  A caustic shrike simulacrum (Crypt:2)
  A goliath frog (Swamp:1)
  A quicksilver dragon simulacrum (Crypt:2)
  2 deep elf pyromancers
  2 deep elf zephyrmancers
  A salamander (Snake:4)
  A black mamba (Lair:3)
  A tengu conjurer (Depths:2)
  2 bloated husks
  A water elemental (Elf:1)
  An air elemental (Elf:1)
  A golden eye (shapeshifter) (Elf:3)
  A swamp worm (Swamp:2)
  4 nagas
  A manticore skeleton (Crypt:2)
  A scorpion (shapeshifter) (Vaults:5)
  14 foxfires
40 creatures vanquished.

Grand Total: 2119 creatures vanquished

Notes
Turn   | Place    | Note
-------+----------+-------------------------------------------
     0 | D:1      | Morbidden the Oni Air Elementalist began the quest for the
                  | Orb.
     0 | D:1      | Reached XP level 1. HP: 16/16 MP: 3/3
   169 | D:1      | Reached skill level 1 in Conjurations
   234 | D:1      | Found Litilemp's Antique Weapon Shoppe.
   261 | D:1      | Reached XP level 2. HP: 26/26 MP: 3/5
   723 | D:1      | Reached skill level 1 in Fighting
   952 | D:1      | Learned a level 2 spell: Static Discharge
  1068 | D:1      | Reached XP level 3. HP: 33/33 MP: 0/6
  2022 | D:2      | Found a runed translucent door.
  2023 | D:2      | Noticed Crazy Yiuf
  2801 | D:3      | Reached skill level 1 in Polearms
  2801 | D:3      | Reached XP level 4. HP: 41/41 MP: 2/8
  3194 | D:3      | Noticed Sigmund
  3218 | D:3      | Killed Sigmund
  3219 | D:3      | Reached skill level 1 in Armour
  3219 | D:3      | Reached XP level 5. HP: 22/49 MP: 2/9
  3219 | D:3      | Reached XP level 6. HP: 25/57 MP: 2/10
  3620 | D:3      | Noticed Grinder
  3625 | D:3      | Paralysed by Grinder for 2 turns
  3630 | D:3      | Paralysed by Grinder for 4 turns
  3645 | D:3      | Killed Grinder
  3646 | D:3      | Reached XP level 7. HP: 51/65 MP: 0/12
  4125 | D:4      | Found a staircase to the Ecumenical Temple.
  4165 | Temple   | Entered the Ecumenical Temple
  4200 | Temple   | Became a worshipper of Cheibriados the Contemplative
  5113 | D:4      | Reached skill level 1 in Invocations
  5120 | D:4      | Reached XP level 8. HP: 20/74 MP: 11/14
  5547 | D:5      | Entered Level 5 of the Dungeon
  5559 | D:5      | Reached * piety under Cheibriados
  6078 | D:5      | Noticed Blork the orc
  6098 | D:5      | Killed Blork the orc
  6737 | D:6      | Found a sand-covered staircase.
  6807 | D:6      | Reached skill level 5 in Axes
  6838 | Ossuary  | Entered an ossuary
  6850 | Ossuary  | Reached ** piety under Cheibriados
  6970 | Ossuary  | Reached XP level 9. HP: 84/84 MP: 9/15
  7532 | D:6      | Learned a level 4 spell: Airstrike
  7536 | D:6      | Learned a level 3 spell: Call Canine Familiar
  7630 | D:6      | Reached skill level 5 in Spellcasting
  7716 | D:6      | Reached *** piety under Cheibriados
  7831 | D:6      | Identified the +2 sling "Zorch" {heavy, Will++ SInv}
  8167 | D:6      | Noticed Maggie
  8188 | D:6      | Killed Maggie
  8189 | D:6      | Reached skill level 1 in Summonings
  8342 | D:6      | Found a basalt altar of Yredelemnul.
  8458 | D:7      | Reached skill level 5 in Air Magic
  8535 | D:7      | Reached skill level 5 in Dodging
  8721 | D:7      | Reached skill level 5 in Fighting
  8721 | D:7      | Reached XP level 10. HP: 39/96 MP: 15/18
  8880 | D:7      | Reached **** piety under Cheibriados
  9186 | D:7      | Killed an unseen horror
  9496 | D:7      | Noticed Joseph
 10217 | D:7      | Killed Joseph
 11660 | D:8      | Noticed Erica
 11672 | D:8      | Killed Erica
 11673 | D:8      | Reached XP level 11. HP: 103/105 MP: 2/21
 11832 | D:8      | Found a sparkling altar of Nemelex Xobeh.
 11832 | D:8      | Found an iron altar of Okawaru.
 11864 | D:8      | Found a transporter.
 12392 | D:8      | Found a transporter.
 12455 | D:8      | Reached ***** piety under Cheibriados
 12456 | D:8      | Reached skill level 5 in Conjurations
 12815 | D:9      | Reached skill level 5 in Invocations
 13434 | D:9      | Found a staircase to the Lair.
 13638 | D:10     | Entered Level 10 of the Dungeon
 13790 | D:10     | Found a flagged portal.
 13799 | Bailey   | Entered a bailey
 14009 | Bailey   | Identified the ring of Foolhardiness {Fly Slay+2}
 14129 | Bailey   | Reached skill level 5 in Armour
 14165 | Bailey   | Noticed an orc knight
 14180 | Bailey   | Killed an orc knight
 14515 | D:10     | Noticed a two-headed ogre
 14532 | D:10     | Killed a two-headed ogre
 14534 | D:10     | Reached XP level 12. HP: 60/115 MP: 23/23
 15670 | D:10     | Noticed a two-headed ogre
 15677 | D:10     | Killed a two-headed ogre
 16349 | Lair:1   | Entered Level 1 of the Lair of Beasts
 16350 | Lair:1   | Found a gate leading to a gauntlet.
 16358 | Gauntlet | Entered a Gauntlet
 16358 | Gauntlet | Found a transporter.
 16358 | Gauntlet | Found a transporter.
 16376 | Gauntlet | Found a transporter.
 16377 | Gauntlet | Found a transporter.
 16392 | Gauntlet | Found a transporter.
 16400 | Gauntlet | Found a transporter.
 16404 | Gauntlet | Found a transporter.
 16412 | Gauntlet | Found a transporter.
 16429 | Gauntlet | Found a transporter.
 16447 | Gauntlet | Found a transporter.
 16448 | Gauntlet | Found a transporter.
 16460 | Gauntlet | Found a transporter.
 16790 | Gauntlet | HP: 2/118 [poison (dark miasma)]
 16804 | Gauntlet | Identified the +0 cloak "Muanuenke" {Stlth+}
 16961 | Gauntlet | Noticed a minotaur
 16977 | Gauntlet | Killed a minotaur
 16978 | Gauntlet | Reached skill level 1 in Shields
 16988 | Gauntlet | Identified the ring "Wouthet" {rF+ SInv}
 16988 | Gauntlet | Identified the +0 morningstar of Crusades {heavy, Int+2
                  | Stlth+}
 17368 | Lair:1   | Reached ****** piety under Cheibriados
 17383 | Lair:1   | Reached skill level 1 in Evocations
 17386 | Lair:1   | Reached skill level 10 in Axes
 17766 | Lair:1   | Reached XP level 13. HP: 127/127 MP: 25/25
 18397 | Lair:1   | Identified the +0 helmet "Imusyeti" {+Blink rF++ Dex+8
                  | Stlth-}
 18479 | Lair:2   | Found an opulent altar of Gozag.
 18505 | Lair:2   | Identified the +0 helmet "Horokh" {rF+ Str+4}
 18753 | Lair:2   | Learned a level 3 spell: Summon Ice Beast
 18853 | Lair:2   | Noticed Gastronok
 18864 | Lair:2   | Killed Gastronok
 19574 | Lair:3   | Reached skill level 5 in Summonings
 19943 | Lair:3   | Found a staircase to the Snake Pit.
 20507 | Lair:3   | Found a staircase to the Swamp.
 21235 | Lair:4   | Found a staircase to the Slime Pits.
 21485 | Lair:4   | Found an ornate altar of the Wu Jian Council.
 21611 | Lair:4   | Reached XP level 14. HP: 133/136 MP: 6/27
 22095 | Lair:5   | Entered Level 5 of the Lair of Beasts
 22104 | Lair:5   | Reached skill level 1 in Ice Magic
 23002 | Lair:5   | Learned a level 5 spell: Summon Mana Viper
 23119 | Lair:5   | Reached skill level 10 in Spellcasting
 23481 | Lair:5   | Identified the +11 flail of Defence {holy, ^Fragile Will++
                  | Str+7}
 23598 | Lair:5   | Reached skill level 1 in Hexes
 24362 | D:11     | Found a staircase to the Orcish Mines.
 24897 | D:11     | Noticed Harold
 24907 | D:11     | Killed Harold
 25141 | D:11     | Found a shadowy altar of Dithmenos.
 25145 | D:11     | Identified the +5 whip of Zosyrchou {protect, rC- rN++
                  | SInv}
 25729 | D:12     | Noticed Maurice
 25741 | D:12     | Killed Maurice
 26108 | D:12     | Reached XP level 15. HP: 146/146 MP: 20/29
 26292 | D:12     | Identified a scroll of acquirement
 26292 | D:12     | Acquired the +3 Elemental Staff {ele, rElec rF+ rC+ AC+3}
 26292 | D:12     | Found the +3 Elemental Staff {ele, rElec rF+ rC+ AC+3}
 27067 | D:13     | Found a portal to a secret trove of treasure.
 27556 | D:13     | Learned a level 5 spell: Fireball
 27925 | D:14     | Identified the +3 whip "Ilenoer" {vamp, rC+}
 28703 | D:14     | Reached skill level 1 in Fire Magic
 28941 | D:14     | Found a gate to the Vaults.
 29270 | D:15     | Entered Level 15 of the Dungeon
 29390 | D:15     | Found a sparkling altar of Nemelex Xobeh.
 29740 | D:15     | Found a runed translucent door.
 29741 | D:15     | Noticed fbkbkkjr's ghost (journeyman MiFi)
 29895 | D:15     | Reached skill level 5 in Shields
 30119 | D:15     | Found Zoha's Distillery.
 30129 | D:15     | Bought a potion of heal wounds for 70 gold pieces
 30129 | D:15     | Bought 2 potions of heal wounds for 140 gold pieces
 30136 | D:15     | Bought a potion of curing for 42 gold pieces
 30136 | D:15     | Bought a potion of curing for 42 gold pieces
 30424 | D:15     | Found a staircase to the Depths.
 31003 | Orc:1    | Entered Level 1 of the Orcish Mines
 31265 | Orc:1    | You fall into a shaft and drop 1 floor!
 31265 | Orc:2    | Entered Level 2 of the Orcish Mines
 31625 | Orc:2    | Found Iwupox's Distillery.
 31625 | Orc:2    | Found a staircase to the Elven Halls.
 31652 | Orc:2    | Bought a potion of curing for 45 gold pieces
 31652 | Orc:2    | Bought a potion of curing for 45 gold pieces
 31652 | Orc:2    | Bought a potion of heal wounds for 75 gold pieces
 31652 | Orc:2    | Bought a potion of heal wounds for 75 gold pieces
 32029 | Orc:2    | Noticed an orc warlord
 32041 | Orc:2    | Killed an orc warlord
 32295 | Orc:2    | Reached skill level 10 in Fighting
 32310 | Orc:2    | Paralysed by an orc sorcerer for 4 turns
 32384 | Orc:2    | Found Saomiblu's Magic Scroll Shop.
 32391 | Orc:2    | Bought a scroll of teleportation for 39 gold pieces
 32391 | Orc:2    | Bought a scroll of teleportation for 39 gold pieces
 32391 | Orc:2    | Bought a scroll of teleportation for 39 gold pieces
 32391 | Orc:2    | Bought a scroll of revelation for 97 gold pieces
 32412 | Orc:2    | Found a radiant altar of Vehumet.
 32480 | Orc:2    | Paralysed by an ogre mage for 2 turns
 32675 | Orc:2    | Noticed Nergalle
 32676 | Orc:2    | Found an ancient bone altar of Kikubaaqudgha.
 32679 | Orc:2    | Killed Nergalle
 32787 | Orc:2    | Reached XP level 16. HP: 105/149 MP: 7/31
 32790 | Orc:2    | Found Hyfish's Antique Armour Boutique.
 32790 | Orc:2    | Found Nethi's Book Shop.
 32920 | Orc:2    | Found Cacwuwk's Book Shop.
 33245 | Swamp:1  | Entered Level 1 of the Swamp
 34363 | Swamp:1  | Found a runed translucent door.
 34364 | Swamp:1  | Noticed GenialerGandalf's ghost (journeyman HOFi)
 37043 | Swamp:3  | Reached skill level 10 in Air Magic
 37939 | Snake:1  | Entered Level 1 of the Snake Pit
 38008 | Snake:1  | Found a glacial archway.
 38017 | IceCv    | Entered an ice cave
 38147 | IceCv    | Found a transporter.
 38290 | IceCv    | Found a transporter.
 38322 | IceCv    | Identified the ring of Negug {rF+ rC+ Int+5}
 38475 | Snake:1  | Reached skill level 5 in Evocations
 38478 | Snake:1  | Reached XP level 17. HP: 167/167 MP: 2/33
 40704 | Snake:1  | HP: 8/170 [naga warrior/+0 trident (34)]
 41770 | Snake:2  | Noticed Vashnia
 42561 | Snake:2  | Killed Vashnia
 43685 | Snake:3  | Reached XP level 18. HP: 134/179 MP: 0/35
 43980 | Snake:3  | Reached skill level 10 in Invocations
 43990 | Snake:3  | Reached skill level 5 in Hexes
 44160 | Snake:4  | Entered Level 4 of the Snake Pit
 44714 | Snake:4  | Upgraded the game from 0.32-a0-32-g978bd804de to
                  | 0.32-a0-33-g74fbe469d6
 46239 | Snake:4  | Got a serpentine rune of Zot
 47294 | Swamp:4  | Entered Level 4 of the Swamp
 47640 | Swamp:4  | Reached skill level 5 in Fire Magic
 47718 | Swamp:4  | Noticed the 27-headed Lernaean hydra
 47917 | Swamp:4  | Reached XP level 19. HP: 189/189 MP: 13/36
 48315 | Swamp:4  | Paralysed by a fenstrider witch for 5 turns
 49185 | Swamp:4  | Killed the 27-headed Lernaean hydra
 49454 | Swamp:4  | Got a decaying rune of Zot
 49650 | Elf:1    | Entered Level 1 of the Elven Halls
 49650 | Elf:1    | Found a runed translucent gate.
 49650 | Elf:1    | Found a runed translucent gate.
 49650 | Elf:1    | Found a runed translucent gate.
 49650 | Elf:1    | Found a runed translucent gate.
 49650 | Elf:1    | Found a runed translucent gate.
 49650 | Elf:1    | Found a runed translucent gate.
 49651 | Elf:1    | Found a runed translucent door.
 49769 | Elf:1    | Found a runed translucent door.
 50015 | Elf:1    | Found Oluvoug's Antique Weapon Shoppe.
 50155 | Elf:1    | Paralysed by an air elemental for 1 turns
 50160 | Elf:1    | Paralysed by an air elemental for 1 turns
 50394 | Elf:1    | Identified the +7 hand axe "Fusomes" {heavy, rElec Will-
                  | Int+8 Stlth-}
 50588 | Elf:1    | Found a runed translucent gate.
 50622 | Elf:1    | Found a runed translucent gate.
 50623 | Elf:1    | Found a runed translucent gate.
 50624 | Elf:1    | Noticed lis82's ghost (adept DgIE)
 50628 | Elf:1    | Identified the +0 leather armour of the Wild Haggis {Int+2}
 50751 | Elf:1    | Found Baselurph's Book Emporium.
 50752 | Elf:1    | Noticed Nikola
 50770 | Elf:1    | Killed Nikola
 51315 | Elf:1    | Found Toedul's Magic Scroll Shop.
 51323 | Elf:1    | Bought a scroll of teleportation for 39 gold pieces
 51323 | Elf:1    | Bought a scroll of teleportation for 39 gold pieces
 51323 | Elf:1    | Bought a scroll of poison for 52 gold pieces
 51585 | Elf:1    | Found Vymeygh's General Store.
 51776 | Elf:2    | Identified the ring "Moddar" {rElec rPois rF- Will+}
 51965 | Elf:2    | Found a runed translucent gate.
 51966 | Elf:2    | Found a runed translucent gate.
 51967 | Elf:2    | Found a runed translucent gate.
 53690 | Elf:3    | Entered Level 3 of the Elven Halls
 54801 | Elf:3    | Noticed a Tzitzimitl
 54931 | Elf:3    | Reached XP level 20. HP: 201/201 MP: 7/38
 55062 | Elf:3    | Noticed a Brimstone Fiend
 55064 | Elf:3    | Noticed a Brimstone Fiend
 55311 | Elf:3    | Identified the +9 dire flail of Epsoepp {freeze, rF- rC+
                  | rCorr Int+5}
 55726 | Elf:3    | Found Okkupoucw's General Store.
 55733 | Elf:3    | Found Muceqor's Antique Weapon Emporium.
 55736 | Elf:3    | Bought a scroll of blinking for 75 gold pieces
 56903 | Elf:3    | Identified the +5 scale mail of Articulation {+Inv Fly
                  | Str+4 SInv}
 56929 | Elf:3    | Reached skill level 15 in Spellcasting
 57326 | Elf:3    | Got Voefos's Volume of Turbulence and the Burn
 57327 | Elf:3    | Identified the staff of Charred Punishment {rPois Int+4
                  | Alchemy}
 57347 | Elf:3    | Identified the +9 hand axe of the Fortune-Teller {chaos,
                  | *Rage rC+ Dex+6}
 57435 | Elf:3    | Identified the +6 shortbow "Vopoqeod" {drain, Will- Int+2
                  | Dex+7}
 57440 | Elf:3    | Got the Catalogue of Frigid Tinctures
 57729 | Vaults:1 | Entered Level 1 of the Vaults
 57782 | Vaults:1 | Reached skill level 1 in Maces & Flails
 57835 | Vaults:1 | Found a magical portal.
 57841 | WizLab   | Entered The Chambers of the Cloud Mage
 57851 | WizLab   | Reached skill level 10 in Dodging
 58573 | WizLab   | Paralysed by you for 1 turns
 58913 | WizLab   | Paralysed by an air elemental for 1 turns
 58918 | WizLab   | Paralysed by an air elemental for 1 turns
 58934 | WizLab   | Paralysed by an air elemental for 1 turns
 59122 | WizLab   | Noticed Juymixorgh
 59130 | WizLab   | Killed Juymixorgh the Cloud Mage
 59158 | WizLab   | Identified the ring "Goloi" {*Slow Fly rN+ rCorr Dex+4}
 59332 | WizLab   | Upgraded the game from 0.32-a0-33-g74fbe469d6 to
                  | 0.32-a0-35-gd9ff480968
 59583 | Vaults:1 | Reached skill level 1 in Shapeshifting
 59661 | Vaults:1 | Noticed Zenata
 59674 | Vaults:1 | Killed Zenata
 60022 | Vaults:1 | Identified the staff "Vuj Vyqa" {rC+ Dex+4 Ice}
 60117 | Vaults:1 | Noticed Asterion
 60125 | Vaults:1 | Killed Asterion
 61321 | Vaults:1 | Reached skill level 15 in Axes
 61718 | Vaults:2 | Reached XP level 21. HP: 210/210 MP: 40/40
 61733 | Vaults:2 | Identified the +2 shortbow of Untruth {speed, *Corrode
                  | rPois Str+8}
 62988 | Vaults:2 | Found a staircase to the Crypt.
 63516 | Vaults:3 | Paralysed by a sphinx for 5 turns
 65361 | Vaults:4 | Reached skill level 10 in Armour
 65361 | Vaults:4 | Reached skill level 10 in Conjurations
 65380 | Vaults:4 | Reached XP level 22. HP: 176/223 MP: 42/42
 66515 | Vaults:4 | Acquired the +1 cloak of Starlight {*Dazzle EV+4 Stlth--}
 66515 | Vaults:4 | Found the +1 cloak of Starlight {*Dazzle EV+4 Stlth--}
 66528 | Vaults:4 | Acquired the amulet "Ufuir" {RegenMP Slay+5}
 66735 | D:15     | Killed fbkbkkjr's ghost
 66897 | Depths:1 | Entered Level 1 of the Depths
 66922 | Depths:1 | Found Migizyma's Vocational Training.
 66930 | Depths:1 | Bought a manual of Evocations for 880 gold pieces
 66930 | Depths:1 | Bought a manual of Invocations for 880 gold pieces
 67082 | Depths:1 | Found a gateway to Hell.
 67251 | Depths:1 | Found a one-way gate to the infinite horrors of the Abyss.
 67301 | Depths:1 | Found an iron altar of Okawaru.
 67465 | Depths:1 | Found a one-way gate leading to the halls of Pandemonium.
 67724 | Depths:1 | Found a one-way gateway to a ziggurat.
 68300 | Depths:2 | Found Ufahidave's Antique Armour Shop.
 68317 | Depths:2 | You fall into a shaft and drop 2 floors!
 68317 | Depths:4 | Entered Level 4 of the Depths
 68317 | Depths:4 | Found a gate to the Realm of Zot.
 68463 | Depths:4 | Reached skill level 10 in Summonings
 68553 | Depths:4 | Got a midnight gem with 535 turns to spare
 68732 | Depths:4 | Reached XP level 23. HP: 133/217 MP: 43/43
 69063 | Depths:4 | Identified the ring "Mefearri" {Will+ Str+2 Int+3}
 69592 | Depths:4 | Noticed a juggernaut
 69608 | Depths:4 | Killed a juggernaut
 69632 | Depths:4 | Found a white marble altar of Elyvilon.
 69634 | Depths:4 | Found a glowing golden altar of the Shining One.
 69636 | Depths:4 | Found a glowing silver altar of Zin.
 69789 | Depths:4 | Found a broken altar of Ashenzari.
 70109 | Depths:3 | Found a white marble altar of Elyvilon.
 70110 | Depths:3 | Found Kuzaeh's Jewellery Shoppe.
 70126 | Depths:3 | Reached skill level 15 in Fighting
 70348 | Depths:3 | Found Raseoj's Book Shop.
 70428 | Depths:3 | Bought a book of Lightning for 504 gold pieces
 70434 | Depths:3 | Learned a level 5 spell: Arcjolt
 70635 | Depths:3 | Noticed a golden dragon
 70643 | Depths:3 | Killed a golden dragon
 70728 | Depths:3 | Found Ustaapaj's Magic Scroll Shop.
 70736 | Depths:3 | Bought a scroll of acquirement for 884 gold pieces
 70922 | Depths:3 | Reached skill level 5 in Shapeshifting
 71380 | Depths:3 | Noticed Jory
 71395 | Depths:3 | Killed Jory
 71733 | Depths:3 | Identified the +1 glaive of Ruokyum {freeze, rPois MP-9
                  | Str+3 Dex+9}
 72380 | Depths:3 | Found a shadowy altar of Dithmenos.
 72986 | Depths:2 | Noticed a caustic shrike
 73004 | Depths:2 | Killed a caustic shrike
 73031 | Depths:2 | Reached XP level 24. HP: 149/245 MP: 44/44
 73166 | Depths:2 | Identified the ring of the Lizard {Will+ SInv}
 73492 | Depths:2 | Identified the ring "Impeplat" {rPois rF++ Int+4}
 73540 | Depths:2 | Reached skill level 10 in Shields
 73900 | Depths:2 | Identified the +1 war axe "Jefes" {freeze, rPois Str+4
                  | Dex-4}
 74325 | Crypt:1  | Entered Level 1 of the Crypt
 75014 | Crypt:1  | Identified the +5 falchion "Oni's Regret" {flame, Dex+4}
 75497 | Crypt:1  | Noticed Sojobo
 75505 | Crypt:1  | Paralysed by an air elemental for 1 turns
 75507 | Crypt:1  | Killed Sojobo
 75832 | Crypt:1  | Learned a level 6 spell: Plasma Beam
 76197 | Crypt:1  | Found an ancient bone altar of Kikubaaqudgha.
 76478 | Crypt:2  | Identified the ring "Jaown" {Ice Str+4}
 76478 | Crypt:2  | Noticed Josephina
 76491 | Crypt:2  | Killed Josephina
 76492 | Crypt:2  | Reached skill level 10 in Evocations
 77675 | Crypt:3  | Entered Level 3 of the Crypt
 77834 | Crypt:2  | Found an ancient bone altar of Kikubaaqudgha.
 78005 | Crypt:3  | Identified the +3 falchion of the Demagogue {venom,
                  | ^Fragile rElec Str+3}
 78419 | Crypt:3  | Found a staircase to the Tomb.
 78510 | Crypt:3  | Reached XP level 25. HP: 148/219 MP: 42/44
 78934 | Crypt:3  | Noticed an ancient lich
 78957 | Crypt:3  | Killed an ancient lich
 79448 | Crypt:3  | Identified the +1 troll leather armour "Cusex" {-Tele rElec
                  | Regen+ Dex+3}
 79466 | Crypt:3  | Identified the +7 orcbow "Tecwoutyts" {heavy, rPois rC+++
                  | Will- rCorr}
 79606 | Crypt:3  | Got the Folio of Shadows
 80851 | Vaults:5 | Entered Level 5 of the Vaults
 80851 | Vaults:5 | Noticed an ancient lich
 80895 | Vaults:5 | Killed from afar by a tengu reaver

Illustrated notes

Levels and vault maps discovered:
D:1:      arrival_zaba_pyramid, layout_basic, serial_shops, shop,
          nrook_campfire, corner_web_ring, grunt_decor_cap, minmay_pentomino_p4
D:2:      layout_basic, minivault_5, uniq_crazy_yiuf_cottage
D:3:      layout_basic, minmay_joined_circles, uniq_grinder, uniq_sigmund
D:4:      layout_gridville, minmay_temple_entry_drinking_statues
D:5:      layout_rooms, chequers_serial_rivers_small_3, uniq_blork_the_orc
D:6:      layout_rooms, lemuel_zombie_altar_yredelemnul,
          nicolae_ossuary_entry_false_entrances, uniq_maggie
D:7:      minmay_evil_eye, layout_gridville, billiards_dpeg, uniq_joseph
D:8:      gammafunk_cloud_chamber, layout_loops_corners,
          chequers_temple_overflow_statue_of_worship, uniq_erica
D:9:      layout_rooms, minmay_lair_entry_grove, minmay_chambers_of_fives
D:10:     minmay_razor_zed, layout_long_grid, enter_bailey_8,
          minmay_fractal_squares_5
D:11:     layout_stronghold, hiddenorc2_lemuel,
          nicolae_dithmenos_through_a_glass_darkly, uniq_harold
D:12:     layout_stronghold, serial_library_hellmonk_junction, uniq_maurice
D:13:     layout_rooms, enter_trove_6, hangedman_decor_peaks_small
D:14:     layout_basic, hangedman_vaults_entry_quadrant_bands,
          hangedman_decor_diamond_cutter, grunt_decor_one_mirror
D:15:     grunt_enter_depths_hoard, layout_loops_ring, serial_shops, shop,
          nemelex_spade_bored_becter, ebering_ghost_reflecting_pool
Temple:   compressed_dpeg_triangle_lava_temple
Lair:1:   minmay_lair_venomous_thicket, layout_chaotic_city,
          gauntlet_entry_generic, grunt_megastairs_5
Lair:2:   layout_chaotic_city, lemuel_centaur_altar, uniq_gastronok
Lair:3:   layout_gridlike, nicolae_swamp_entry_spooky,
          alex1729_snake_entry_snake
Lair:4:   layout_hall_layers, slime_entry_2, basic_altar
Lair:5:   gammafunk_lair_ancient_temple, layout_regular_city, minivault_25,
          lookout_lair_type, nicolae_lair_run_with_the_wolves
Swamp:1:  layout_basic_swamp, gammafunk_ghost_grave, evilmike_swamp_ruin_wall
Swamp:2:  layout_falls_marsh, serial_swamp_ruin, evilmike_swamp_ruin_rubble_2,
          evilmike_swamp_ruin_house_2, nzn_swamp_stair_ambush,
          infiniplex_staircase_pool
Swamp:3:  layout_basic_swamp, nicolae_swamp_little_tower, swamp_pool_1_2,
          nicolae_swamp_round_clearing
Swamp:4:  swamp_old_school, layout_basic_swamp, swamp_pool_4,
          nicolae_swamp_baby_hydras
Snake:1:  nicolae_snake_hallway, layout_layer_cave,
          portal_ice_cave_entry_pillars_2
Snake:2:  layout_grid_maze, uniq_vashnia
Snake:3:  layout_rooms, grunt_megastairs_1
Snake:4:  snake_pit, layout_misc_corridors
Orc:1:    layout_caves, david_defended_altar_orc
Orc:2:    kennysheep_orc_mage_school, layout_caves, serial_shops,
          nicolae_shop_industrial_runoff
Elf:1:    nicolae_elf_arrival_dilemma, layout_gridlike, serial_shops,
          nicolae_shop_hallway_stairs, shop, nicolae_shop_statue_plus, shop,
          gammafunk_ghost_split, hangedman_corner_corridor, uniq_nikola
Elf:2:    elven_hall_of_blades_hangedman_original
          [nicolae_blade_entry_diamond_columns], layout_loops_corners,
          roderic_roman_lattice
Elf:3:    minmay_elf_hall_furrowed, layout_geoelf_grid, minmay_shop_star
Vaults:1: mu_enter_wizlab_6, nicolae_vaults_trapezoid_1, vaults_room_door_hall,
          nicolae_vaults_storing_the_good_stuff, nicolae_vaults_apartment_2,
          nicolae_vaults_tetromino_T_1, nicolae_vaults_triangles,
          nicolae_vaults_six-pack, nicolae_vaults_tangram_2,
          ontoclasm_vaults_eye, v_alt_pattern_6, nicolae_vaults_two_Ls,
          nicolae_vaults_trapezoid_2, layout_vaults_chaotic_city, uniq_zenata,
          uniq_asterion
Vaults:2: minmay_crypt_entry_skeletal_spiral, hangedman_vaults_hat, v_misc_18,
          nicolae_vaults_network_quinsquares
          [nicolae_vaults_network_quincunx_subvault,
          nicolae_vaults_network_quincunx_subvault,
          nicolae_vaults_network_quincunx_subvault,
          nicolae_vaults_network_quincunx_subvault], vaults_room_grid,
          v_rooms_3, vaults_dpeg_hooks, layout_vaults_omnigrid
Vaults:3: vaults_room_door_hall, nicolae_vaults_shrinking_rooms_1, v_misc_23,
          nicolae_vaults_heist, nicolae_vaults_network_star, v_misc_24,
          nicolae_vaults_storage_closets_1, hangedman_vaults_trim,
          nicolae_vaults_trapezoid_2, layout_vaults_maze_bifur
Vaults:4: nicolae_vaults_steering_wheel, v_alt_pattern_1, v_pattern_5,
          vaults_room_door_hall, hangedman_vaults_slither,
          nicolae_vaults_three_branches, vaults_standard_mumra_lines,
          nicolae_vaults_oval_intersection, nicolae_vaults_asterisk,
          ontoclasm_vaults_fault, nicolae_vaults_two_Ls, layout_vaults_ring
Vaults:5
Crypt:1:  dreamdust_cat_pyramid, layout_gridlike, nicolae_nh_vlads_tower,
          grunt_crypt_arrival_webbed, grunt_megastairs_3, uniq_sojobo
Crypt:2:  layout_regular_city, serial_library_hellmonk_double_dead_end,
          lemuel_upstairs_altar, uniq_josephina
Crypt:3:  due_elkab, layout_chaotic_city, tomb_entry_simple_bobbens
Depths:1: layout_roguey, enter_ziggurat_a, hell_entry, okawaru_gym_becter,
          pan_entry, abyss_entry, nicolae_shop_vocational, grunt_megastairs_4
Depths:2: little_maze_vault, layout_gridlike, hangedman_tar_grid_catacomb,
          serial_sigils_hangedman_carve, pan_entry, serial_shops,
          nicolae_shop_temple_entry_statues_fountains, grunt_ministairs_13
Depths:3: due_jory_tower, layout_cave_shapes, serial_shops,
          nicolae_shop_pleasant_corner_grove, shop, nicolae_diamond_shop,
          hangedman_abyss_entry_splay, hell_entry, grunt_pan_entry_zigzag,
          hangedman_feature_mirror, minmay_staircase_statues
Depths:4: grunt_zot_entry_tricorne, layout_honeycomb, grunt_mini_vestibule,
          good_gods_mini_temple, cheibrodos_ashenzari_chains

Skill      XL: |  1  2  3  4  5  6  7  8  9 10 11 12 13 14 15 16 17 18 19 20 21 22 23 24 25 |
---------------+----------------------------------------------------------------------------+-----
Conjurations   | 1 2 3 4 5 6 7 8 9 10 11 | 11.6
Dodging        | 2 3 4 5 6 7 8 9 10 11 12 | 12.2
Fighting       | 1 2 4 5 6 7 8 9 10 11 12 13 14 15 16 | 16.4
Air Magic      | 3 4 5 6 7 8 9 10 11 12 13 14 | 14.8
Polearms       | 1 |  1.0
Axes           | 2 3 5 6 7 9 10 11 12 13 14 15 16 17 18 | 18.1
Armour         | 1 2 3 4 5 6 7 8 9 10 11 | 11.8
Spellcasting   | 3 4 5 6 7 8 9 10 11 12 13 14 15 16 17 18 | 18.1
Stealth        | 2 3 |  3.4
Invocations    | 1 2 3 4 5 6 7 8 9 10 11 12 13 | 13.0
Summonings     | 2 3 4 5 6 7 8 9 10 11 | 11.2
Shields        | 2 3 4 5 6 7 8 9 10 | 10.3
Evocations     | 2 3 4 5 6 7 8 9 10 | 10.7
Ice Magic      | 1 |  1.1
Hexes          | 2 3 4 5 |  5.0
Fire Magic     | 2 3 4 5 6 7 8 9 |  9.4
Maces & Flails | 1 |  1.6
Shapeshifting  | 1 3 4 5 6 |  6.8
Staves         | |  0.4

Action                     |  1- 3 |  4- 6 |  7- 9 | 10-12 | 13-15 | 16-18 | 19-21 | 22-24 | 25-27 || total
---------------------------+-------+-------+-------+-------+-------+-------+-------+-------+-------++-------
  Melee: Unarmed           |    13 |       |       |       |       |       |       |       |       ||    13
         Headbutt          |     4 |     9 |    45 |    91 |   193 |   209 |   315 |   533 |    95 ||  1494
         Spear             |     6 |       |       |       |       |       |       |       |       ||     6
         Broad axe         |     2 |    69 |   249 |   423 |   658 |   718 |   948 |  1454 |   219 ||  4740
         Punch             |       |       |     4 |     4 |       |       |       |       |       ||     8
         Morningstar       |       |       |       |       |    20 |       |       |       |       ||    20
         Staff             |       |       |       |       |    24 |    49 |    47 |    13 |     1 ||   134
  Throw: Boomerang         |       |       |       |       |     5 |     5 |     7 |       |       ||    17
         Javelin           |       |       |       |       |       |       |       |     6 |       ||     6
         Large rock        |       |       |       |       |       |       |       |     1 |       ||     1
   Cast: Shock             |    90 |    34 |   246 |    21 |       |       |       |       |       ||   391
         Static Discharge  |       |     1 |     3 |       |     7 |     1 |     3 |       |       ||    15
         Call Canine Famil |       |       |     2 |    13 |    36 |    15 |     8 |     4 |     3 ||    81
         Airstrike         |       |       |       |    78 |   255 |   349 |   455 |   224 |    71 ||  1432
         Summon Ice Beast  |       |       |       |       |    33 |     4 |     4 |     1 |     1 ||    43
         Summon Mana Viper |       |       |       |       |     4 |     3 |     1 |       |     1 ||     9
         Fireball          |       |       |       |       |       |     5 |       |    26 |     7 ||    38
         Arcjolt           |       |       |       |       |       |       |       |    50 |     1 ||    51
 Invoke: Slouch            |       |       |       |     2 |     3 |     5 |    13 |     7 |     2 ||    32
         Bend Time         |       |       |       |       |       |       |     1 |       |       ||     1
  Evoke: Wand              |       |       |       |    10 |     1 |     2 |     5 |       |       ||    18
         Phantom mirror    |       |       |       |     1 |       |     2 |     1 |     1 |       ||     5
         Condenser vane    |       |       |       |       |     1 |     3 |     1 |     2 |       ||     7
         Lightning rod     |       |       |       |       |       |    14 |     8 |     6 |       ||    28
         Sack of spiders   |       |       |       |       |       |     3 |     2 |     2 |       ||     7
         Phial of floods   |       |       |       |       |       |     3 |     1 |       |       ||     4
    Use: Potion            |       |     2 |     7 |    14 |     1 |    11 |     3 |     3 |       ||    41
         Scroll            |       |     1 |     7 |    15 |    12 |    13 |     6 |     5 |     4 ||    63
   Stab: Sleeping          |       |       |     1 |     5 |    11 |       |       |       |       ||    17
         Distracted        |       |       |       |     2 |    11 |     2 |     2 |     2 |       ||    19
         Invisible         |       |       |       |       |       |       |       |    19 |     2 ||    21
         Fleeing           |       |       |       |       |       |       |       |       |     1 ||     1
 Armour: Robe              |     9 |    54 |   191 |       |       |       |       |       |       ||   254
         Steam dragon scal |       |       |    25 |   218 |       |       |       |       |       ||   243
         Skin              |       |       |       |    54 |       |       |       |       |       ||    54
         Acid dragon scale |       |       |       |    92 |   406 |    26 |       |       |       ||   524
         Swamp dragon scal |       |       |       |       |       |   102 |       |       |       ||   102
         Gold dragon scale |       |       |       |       |       |   730 |   915 |  1166 |   165 ||  2976
  Dodge: Dodged            |    10 |    67 |   308 |   554 |   704 |   649 |   424 |   823 |   112 ||  3651
  Block: Kite shield       |       |       |       |   116 |   678 |  1202 |  1167 |  1135 |   149 ||  4447
         Reflection        |       |       |       |       |    30 |   159 |    76 |     8 |       ||   273

Table legend: (Time is in decaauts)
 A = Elapsed time spent in this place.
 B = Non-inter-level travel time spent in this place.
 C = Inter-level travel time spent in this place.
 D = Time resting spent in this place.
 E = Time spent auto-exploring this place.
 F = Levels seen in this place.
 G = Mean time per level.
                   A        B        C        D        E       F      G
               +--------+--------+--------+--------+--------+-----+--------+
         Total | 109695 | 103962 |   5733 |   8933 |  79555 |  51 | 2150.9 |
       Dungeon |  29148 |  27335 |   1813 |   1856 |  22013 |  15 | 1943.2 |
        Temple |     42 |     42 |      0 |      0 |     30 |   1 |   42.0 |
          Lair |  10780 |   9971 |    809 |    524 |   8004 |   5 | 2156.0 |
         Swamp |   9481 |   9056 |    425 |   1566 |   6534 |   4 | 2370.2 |
     Snake Pit |  10912 |  10564 |    348 |   1250 |   7770 |   4 | 2728.0 |
  Orcish Mines |   3344 |   3055 |    289 |    125 |   2497 |   2 | 1672.0 |
   Elven Halls |  10573 |  10059 |    514 |   1803 |   7011 |   3 | 3524.3 |
        Vaults |  11075 |  10262 |    813 |      0 |   8501 |   5 | 2215.0 |
         Crypt |   8585 |   8289 |    296 |    430 |   6560 |   3 | 2861.7 |
        Depths |  10528 |  10106 |    422 |    326 |   7985 |   4 | 2632.0 |
       Ossuary |    675 |    675 |      0 |      0 |    469 |   1 |  675.0 |
        Bailey |    892 |    892 |      0 |     33 |    478 |   1 |  892.0 |
      Ice Cave |    481 |    481 |      0 |    297 |     65 |   1 |  481.0 |
        Wizlab |   1916 |   1916 |      0 |    457 |   1072 |   1 | 1916.0 |
      Gauntlet |   1259 |   1259 |      0 |    265 |    564 |   1 | 1259.0 |
               +--------+--------+--------+--------+--------+-----+--------+

Top non-repeatable levels by time:
 Snake:1: 4178 daAuts
 Crypt:3: 3877 daAuts
   Elf:3: 3844 daAuts
   Elf:2: 3707 daAuts
Vaults:1: 3446 daAuts
Depths:2: 3217 daAuts
Depths:3: 3132 daAuts
    D:10: 3048 daAuts
 Swamp:1: 3042 daAuts
  Lair:3: 3025 daAuts
   Elf:1: 3022 daAuts
     D:7: 2999 daAuts
    D:14: 2948 daAuts
 Snake:4: 2846 daAuts
Vaults:2: 2807 daAuts
